 Dungeon Crawl Stone Soup version 0.29.1-12-g30fa7ad0bf (webtiles) character file.

Game seed: 11978209931454540964

74 nightchill the Cudgeller (level 4, -3/41 HPs)
             Began as a Minotaur Fighter on Dec 21, 2022.
             Killed by divine providence
             ... invoked by an orc priest
              (12 damage)
             ... on level 3 of the Dungeon.
             The game lasted 00:03:30 (1320 turns).

nightchill the Cudgeller (Minotaur Fighter)         Turns: 1320, Time: 00:03:30

Health: -3/41      AC: 13    Str: 23    XL:     4   Next: 9%
Magic:  3/3        EV: 13    Int:  5    God:
Gold:   83         SH:  4    Dex:  9    Spells: 3/3 levels left

rFire   . . .      SeeInvis .   a - +0 flail
rCold   . . .      Faith    .   c - +0 buckler
rNeg    . . .      Spirit   .   b - +0 scale mail
rPois   .          Reflect  .   u - +2 hat
rElec   .          Harm     .   (no cloak)
rCorr   .          Rampage  .   l - +2 pair of gloves
Will    .....                   e - +0 pair of boots
Stlth   ..........              (no amulet)
HPRegen 0.13/turn               g - +4 ring of evasion
MPRegen 0.08/turn               (no ring)

@: mighty
A: horns 2, retaliatory headbutt
a: no special abilities


You were on level 3 of the Dungeon.
You visited 1 branch of the dungeon, and saw 3 of its levels.

You collected 83 gold pieces.

Inventory:

Hand Weapons
 a - a +0 flail (weapon)
Missiles
 t - 2 poisoned darts (quivered)
Armour
 b - a +0 scale mail (worn)
 c - a +0 buckler (worn)
 e - a +0 pair of boots (worn)
 l - a +2 pair of gloves (worn)
 u - a +2 hat (worn)
Jewellery
 g - a +4 ring of evasion (left hand)
 p - a +6 ring of intelligence
Scrolls
 f - a scroll of immolation {unknown}
 h - a scroll of poison {unknown}
 j - 2 scrolls of teleportation
 k - a scroll of amnesia {unknown}
 m - 2 scrolls of brand weapon {unknown}
 r - a scroll of identify {unknown}
Potions
 i - a potion of haste {unknown}
 n - a potion of degeneration {unknown}
 o - a potion of brilliance {unknown}
 q - a potion of ambrosia {unknown}
 s - a potion of cancellation {unknown}


   Skills:
 + Level 4.5 Fighting
 * Level 4.6 Maces & Flails
 - Level 3.6 Armour
 - Level 3.6 Shields


You had 3 spell levels left.
You didn't know any spells.
Your spell library contained the following spells:

 Spells                   Type           Power      Damage    Failure   Level
 Slow                     Hex            0%         N/A       86%         1
 Ensorcelled Hibernation  Hex/Ice        0%         N/A       95%         2
 Passwall                 Tmut/Erth      0%         N/A       95%         2
 Scorch                   Fire           0%         2d5       95%         2
 Confusing Touch          Hex            0%         N/A       99%         3
 Swiftness                Air            0%         N/A       99%         3
 Vampiric Draining        Necr           0%         2d6       99%         3
 Flame Wave               Conj/Fire      0%         2d4       100%        4
 Summon Cactus Giant      Summ           0%         N/A       100%        6


Dungeon Overview and Level Annotations

Branches:
Dungeon (3/15)

Altars:

Annotations:
D:3 1 transporter


Innate Abilities, Weirdness & Mutations

You have a pair of horns on your head.
You reflexively headbutt those who attack you in melee.


Message History

u - a +2 hat You start putting on your armour.
You continue putting on your +2 hat. x4
You finish putting on your +2 hat.
Found a transporter.
The shadow imp shouts!
You hear a shout!
Found a stone staircase leading down.
An orc priest comes into view. It is wielding a +0 morningstar.
The orc priest shouts!
You hear a shout! x2
The orc priest moves out of view.
An orc comes into view. It is wielding a +0 mace.
The shadow imp laughs crazily.
The orc moves out of view.
The shadow imp shouts, "Bolt, thou worthless toad-spotted whey-face!"
The orc shouts!
You hear a shout!
An orc comes into view. It is wielding a +0 club.
Found a gold piece.
A kobold comes into view. It is wielding a +0 dagger.
An adder comes into view.
The orc priest invokes the aid of Beogh against you.
Beogh smites you!
The adder moves out of view.
You feel very mighty all of a sudden. The orc hits you but does no damage.
You closely miss the orc priest. The orc closely misses you.
You closely miss the orc priest. You headbutt the orc priest!
The orc priest is severely wounded.
The orc closely misses you.
The orc priest invokes the aid of Beogh against you.
Beogh smites you!
* * * LOW HITPOINT WARNING * * *
You hear an angry hiss.
You barely miss the orc priest.
The orc priest is severely wounded.
The orc hits you but does no damage. The orc priest closely misses you.
The orc misses you. You furiously retaliate!
You headbutt the orc. You barely miss the orc priest.
Your headbutt misses the orc priest.
The orc priest is severely wounded.
The orc hits you but does no damage.
The orc priest invokes the aid of Beogh against you.
Beogh smites you!
You die...

...#.≈~⌠~≈ .
...#o≈~~~≈.#..## ..
#..#o≈...≈5#...# ...
#..#5≈...≈5#...# .S
#..####+####...##
#^#.K#P../..P#.....
####..oo#8P.©.P8#..#
......o@#########..#
............©......#
..........#...###..#####
######.##$##.## #.......
#. #....# #.###### ..
##.>## ##.#
.###########..# #..#
.......<...#..#
##.#######
..K.####.#....#
#..†......


You could see 3 orc priests, an adder, a shadow imp, 2 orcs and a kobold.

Vanquished Creatures
  A hound (D:2)
  An adder (D:3)
  A worm (D:2)
  2 dart slugs
  2 bats
  2 endoplasms
  A giant cockroach (D:1)
  4 goblins
  2 hobgoblins
  3 quokkas
  2 ball pythons
  2 frilled lizards (D:1)
  A kobold (D:2)
  4 rats
28 creatures vanquished.

Notes
Turn   | Place    | Note
-------+----------+-------------------------------------------
     0 | D:1      | nightchill the Minotaur Fighter began the quest for the
                  | Orb.
     0 | D:1      | Reached XP level 1. HP: 19/19 MP: 0/0
   125 | D:1      | Reached XP level 2. HP: 26/27 MP: 1/1
   134 | D:1      | Found Udisizximm's Antique Weapon Shop.
   646 | D:2      | Reached XP level 3. HP: 20/34 MP: 2/2
   893 | D:2      | Found a faded altar of an unknown god.
  1290 | D:3      | Reached XP level 4. HP: 41/41 MP: 3/3
  1304 | D:3      | Found a transporter.
  1320 | D:3      | Killed from afar by an orc priest

Illustrated notes

Levels and vault maps discovered:
D:1:      minmay_arrival_three_doors, layout_rooms, serial_shops, shop_statue
D:2:      layout_rooms, nicolae_ecumenical_oubliette
D:3:      gammafunk_wand_slinger, layout_basic, gammafunk_temple_overflow_pools,
          uniq_terence

Skill      XL: |  1  2 |
---------------+-------+-----
Maces & Flails | 3 4 |  4.6
Fighting       | 4 |  4.5
Armour         | |  3.6
Shields        | |  3.6

Action                   |  1- 3 |  4- 6 || total
-------------------------+-------+-------++-------
Melee: Flail             |    65 |     4 ||    69
       Headbutt          |    11 |     1 ||    12
  Use: Scroll            |     1 |       ||     1
       Potion            |       |     1 ||     1
Armor: Scale mail        |    16 |     3 ||    19
Dodge: Dodged            |    39 |     4 ||    43
Block: Buckler           |    10 |       ||    10
